Map: Ley Lines

Players

Koht - Winner!

  • Race: Zerg Zerg
  • League: Grandmaster
  • Spawn Location: 1:00

A.I. 1 (Very Easy)

  • Race: Terran Terran
  • Spawn Location: 7:00

VOD

Have the link to the VOD?

Description

Time

  • Played on: March 20, 2025, 11:37 a.m.
  • Length: 8:49
Show
View Real Time Build Order
Export as new Build Order

Koht Zerg - Winner!

Build Orders: Hatch First 

Get SALT Encoding   

  12  0:00  Drone  
  13  0:08  Drone  
  14  0:15  Drone, Extractor  
  15  0:22  Overlord  
  15  0:40  Drone  
  16  0:45  Hatchery  
  16  0:49  Drone  
  16  0:52  Drone  
  16  0:56  Drone  
  18  1:07  Extractor  
  17  1:11  Spawning Pool  
  17  1:14  Drone  
  17  1:18  Drone  
  18  1:26  Drone  
  19  1:37  Drone  
  20  1:48  Drone  
  21  1:58  Queen x2  
  21  1:59  Zergling x4  
  27  2:12  Metabolic Boost  
  27  2:19  Hatchery  
  26  2:24  Overlord  
  26  2:27  Drone  
  28  2:30  Drone  
  28  2:42  Queen  
  28  2:43  Drone  
  28  2:44  Drone  
  32  2:49  Overlord  
  32  2:51  Drone  
  32  2:53  Drone  
  32  2:57  Drone  
  35  2:59  Drone  
  36  3:09  Drone x3  
  36  3:10  Drone  
  36  3:11  Drone  
  41  3:13  Overlord  
  41  3:20  Queen  
  41  3:22  Drone  
  44  3:30  Queen  
  44  3:31  Drone  
  44  3:33  Drone  
  48  3:39  Drone  
  48  3:40  Drone x2  
  51  3:44  Drone x2  
  51  3:45  Overlord  
  52  3:51  Overlord  
  52  3:53  Drone x3  
  56  3:55  Drone  
  56  3:57  Drone  
  57  4:07  Lair  
  57  4:08  Overlord  
  57  4:09  Drone x3  
  59  4:15  Queen  
  61  4:18  Zergling x4  
  61  4:19  Zergling x4  
  61  4:21  Drone  
  66  4:26  Drone x2  
  66  4:27  Drone  
  66  4:29  Extractor  
  66  4:30  Baneling Nest  
  67  4:32  Drone  
  67  4:38  Drone, Extractor  
  68  4:39  Drone x3  
  68  4:40  Drone  
  68  4:42  Spore Crawler  
  68  4:44  Spore Crawler  
  68  4:45  Drone  
  71  4:46  Spore Crawler  
  71  4:49  Drone x3  
  71  4:50  Drone  
  74  4:59  Hatchery, Overlord  
  73  5:00  Overlord  
  73  5:02  Drone x2  
  73  5:03  Drone  
  73  5:04  Drone  
  73  5:06  Drone  
  78  5:08  Extractor  
  78  5:13  Centrifugal Hooks  
  78  5:14  Overlord  
  77  5:16  Zergling x4  
  77  5:21  Hydralisk Den  
  78  5:28  Zergling x14  
  85  5:32  Drone x3  
  85  5:34  Drone, Extractor  
  88  5:41  Baneling x4  
  88  5:42  Drone x2  
  90  5:45  Drone, Evolution Chamber  
  90  5:46  Evolution Chamber  
  89  5:50  Hatchery  
  89  5:52  Zergling x14  
  89  5:56  Drone  
  96  5:59  Drone x3  
  96  6:01  Drone x2  
  96  6:02  Muscular Augments  
  101  6:05  Drone  
  101  6:08  Drone x3  
  101  6:10  Drone  
  106  6:12  Overseer  
  106  6:15  Overlord  
  106  6:16  Overlord  
  106  6:17  Zerg Ground Armor Level 1  
  106  6:19  Zerg Melee Weapons Level 1  
  106  6:24  Overlord x2  
  106  6:25  Hydralisk  
  108  6:27  Hydralisk  
  108  6:31  Hydralisk  
  112  6:33  Hydralisk x2  
  112  6:35  Hydralisk  
  112  6:37  Hydralisk  
  112  6:39  Hydralisk  
  122  6:41  Hydralisk  
  122  6:42  Hydralisk  
  122  6:45  Hydralisk  
  128  6:48  Hydralisk  
  128  6:50  Overlord x2  
  128  6:52  Hydralisk  
  132  6:54  Hydralisk  
  132  7:01  Baneling x3  
  134  7:04  Zergling x20  
  134  7:05  Zergling x2  
  134  7:06  Zergling x2  
  134  7:07  Zergling x2  
  147  7:09  Grooved Spines  
  147  7:15  Zergling x16  
  155  7:19  Baneling x6  
  155  7:21  Zergling x8  
  159  7:23  Zergling x2  
  159  7:24  Zergling x2  
  159  7:25  Zergling x4  
  159  7:27  Zergling x4  
  165  7:34  Baneling x6  
  165  7:37  Overlord x4  
  165  7:38  Zergling x2  
  166  7:54  Baneling x14  
  166  7:56  Zergling x28  
  166  7:57  Zergling x2  
  181  7:58  Overseer  
  181  8:01  Overlord  
  181  8:02  Zergling x2  
  181  8:03  Overseer, Zergling x2  
  183  8:06  Zergling x8  
  183  8:07  Zergling x2  
  183  8:08  Zergling x2  
  183  8:12  Zergling x8  
  189  8:14  Zergling x4  
  189  8:18  Zergling x4  
  189  8:19  Zergling x6  
  196  8:25  Infestation Pit  
  190  8:28  Zergling x6  
  190  8:29  Zergling x2  
  199  8:43  Hatchery  
Show
View Real Time Build Order
Export as new Build Order

A.I. 1 (Very Easy) Terran 

Build Orders: Reaper Expand 

Get SALT Encoding   

  12  0:00  SCV  
  13  0:13  SCV  
  14  0:18  Supply Depot  
  14  0:43  Barracks  
  14  1:02  Command Center  
  14  1:30  Orbital Command, Supply Depot  
  14  1:31  Marine  
  15  1:36  Refinery  
  15  1:47  Refinery  
  15  1:55  SCV  
  16  2:07  SCV  
  17  2:14  SCV  
  17  2:15  Reaper  
  19  2:21  SCV  
  20  2:28  SCV  
  21  2:35  SCV  
  22  2:43  SCV  
  23  2:50  Refinery, SCV  
  24  2:57  Marine, SCV  
  26  3:05  SCV  
  27  3:12  SCV  
  28  3:14  Factory  
  28  3:37  Refinery, SCV  
  28  3:39  Marine  
  30  3:45  SCV  
  31  3:52  SCV  
  31  3:55  Supply Depot  
  32  3:59  SCV  
  33  4:05  Starport  
  33  4:06  SCV  
  34  4:14  SCV  
  35  4:21  Barracks Tech Lab, SCV  
  36  4:28  SCV  
  37  4:36  SCV  
  38  4:40  Reaper  
  38  4:41  Supply Depot  
  38  4:42  Starport Tech Lab  
  38  4:43  SCV  
  40  4:50  SCV  
  41  4:58  SCV  
  41  5:02  Raven  
  41  5:05  SCV  
  44  5:12  SCV  
  45  5:19  SCV  
  46  5:22  Marine  
  46  5:26  SCV  
  48  5:36  Raven  
  49  5:43  SCV  
  50  6:04  Marine  
  51  6:46  Marauder  
  53  6:51  SCV  
  53  8:10  Marine  
  45  8:18  Supply Depot, SCV  
  5  8:39  Supply Depot  
Tags
 
Add a new tag
Caveats
  • Supply blocks, unpowered buildings, or Contaminate may cause inaccurate times.
  • Supply counts are checked every 10 seconds.